 Dungeon Crawl Stone Soup version 0.31-a0-543-geaa9c7a2c0 (webtiles) character file.

Game seed: 13212038686289260779

107 Ethylacetat the Ducker (level 4, -4/31 HPs)
             Began as an Octopode Gladiator on Aug 15, 2023.
             Slain by an orc priest
             ... wielding a +0 hand axe
              (8 damage)
             ... on level 3 of the Dungeon.
             The game lasted 00:01:26 (1324 turns).

Ethylacetat the Ducker (Octopode Gladiator)         Turns: 1324, Time: 00:01:26

Health: -4/31      AC:  1    Str: 13    XL:     4   Next: 85%
Magic:  4/4        EV: 14    Int: 10    God:
Gold:   180        SH:  0    Dex: 15    Spells: 3/3 levels left

rFire   . .          .
                       - Unarmed
rCold   . . .        (no shield)
rNeg    . . .        a - +0 hat
rPois   .            (no amulet)
rElec   .            (no ring)
rCorr   .            (no ring)
SInv    .            (no ring)
Will    .....        (no ring)
Stlth   ++           (no ring)
HPRegen 0.25/turn    (no ring)
MPRegen 0.09/turn    (no ring)
                     (no ring)

%: no passive effects
@: no status effects
A: almost no armour, amphibious, 8 rings, camouflage 1, gelatinous body 1,
(nimble swimmer 1), tentacles
a: no special abilities


You were on level 3 of the Dungeon.
You visited 1 branch of the dungeon, and saw 3 of its levels.

You collected 180 gold pieces.

Inventory:

Missiles
 b - 3 throwing nets (quivered)
 c - a javelin
Armour
 a - a +0 hat (worn)
Scrolls
 d - 2 scrolls of identify {unknown}
 f - a scroll of fear {unknown}
 g - 2 scrolls of teleportation {unknown}
 h - a scroll of enchant weapon {unknown}
Potions
 e - 2 potions of might {unknown}
 i - a potion of degeneration {unknown}
 j - a potion of resistance {unknown}
 k - 2 potions of heal wounds {unknown}


   Skills:
 + Level 3.2 Fighting
 - Level 2.0 Throwing
 + Level 3.9 Dodging
 + Level 3.9 Unarmed Combat


You had 3 spell levels left.
You didn't know any spells.
Your spell library contained the following spells:

 Spells                   Type           Power      Damage    Failure   Level
 Lesser Beckoning         Tloc           0%         N/A       50%         2
 Gell's Gravitas          Tloc           0%         N/A       75%         3
 Teleport Other           Tloc           0%         N/A       75%         3


Dungeon Overview and Level Annotations

Branches:
Dungeon (3/15)

Altars:


Innate Abilities, Weirdness & Mutations

You cannot wear most types of armour.
You are amphibious.
You can wear up to eight rings at the same time.
Your skin changes colour to match your surroundings (Stealth+).
Your rubbery body absorbs attacks. (AC +1, EV +1)
((You are camouflaged when in or above water. (Stealth+)))
You have tentacles for arms and can constrict up to eight enemies at once.


Message History

You squeeze the orc priest, but do no damage.
You constrict the orc priest.
There are monsters nearby!
You tentacle-slap the orc priest. You squeeze the orc priest.
The orc priest is severely wounded.
You constrict the orc priest.
The orc priest invokes the aid of Beogh against you.
You barely resist.
The orc wizard gestures wildly while chanting.
The orc wizard flickers and vanishes!
Deactivating autopickup; reactivate with Ctrl-A.
You tentacle-slap the orc priest but do no damage.
You squeeze the orc priest.
You kill the orc priest!
Unknown command.
You tentacle-slap the orc. Your grab misses the orc.
The orc is heavily wounded.
The orc priest invokes the aid of Beogh against you.
Beogh smites you! The orc hits you with a +0 club.
You tentacle-slap the orc but do no damage.
You grab the orc. You squeeze the orc.
The orc is almost dead.
You constrict the orc.
You kill the orc!
The orc priest calls down the wrath of Beogh upon you.
Pain shoots through your body!
Things that are here:
a +0 club; a +0 club; an orc corpse You barely miss the orc priest.
You grab the orc priest. You squeeze the orc priest.
The orc priest is moderately wounded.
You constrict the orc priest, but do no damage.
The orc priest invokes the aid of Beogh against you.
Pain shoots through your body!
* * * LOW HITPOINT WARNING * * *
You tentacle-slap the orc priest.
The orc priest is severely wounded.
You constrict the orc priest, but do no damage.
The orc priest hits you with a +0 hand axe!
You die...

################...#....##.....[.
......)..#.........#..##.##.#####
#######....#######.##..##)#.....#
...........# ##.##...###.###.#
.#####....)# #...............#
#.....### #.######.#####..#
#.....#.. ..........# #..#
#.....#.#############.# #†.#
#.....#.#..@o.....# .# #..#
#.....#.#.#######.# # #..#
#.....#.#......<# #..#
#.#.#.#.#......#### #..#
................... #..#
###...#.#......#### #..#
......#.######## #..# ####..#.#
#..# .....# #..#


You could see an orc priest.

Vanquished Creatures
  An orc priest (D:3)
  Terence (D:2)
  A worm (D:2)
  4 dart slugs
  An orc (D:3)
  4 ball pythons
  An endoplasm (D:1)
  3 giant cockroaches
  4 hobgoblins
  A quokka (D:3)
  2 bats
  3 frilled lizards
  4 goblins
  6 kobolds
  4 rats
40 creatures vanquished.

Notes
Turn   | Place    | Note
-------+----------+-------------------------------------------
     0 | D:1      | Ethylacetat the Octopode Gladiator began the quest for the
                  | Orb.
     0 | D:1      | Reached XP level 1. HP: 14/14 MP: 1/1
    80 | D:1      | Reached XP level 2. HP: 19/19 MP: 2/2
   508 | D:2      | Reached XP level 3. HP: 25/25 MP: 3/3
   508 | D:2      | Noticed Terence
   515 | D:2      | Killed Terence
   616 | D:2      | Reached XP level 4. HP: 30/30 MP: 4/4
   634 | D:2      | Identified the +0 leather armour of Fallacy {rPois Str+2}
  1324 | D:3      | Slain by an orc priest

Illustrated notes

Levels and vault maps discovered:
D:1:      erik_arrival_triangle_large, layout_rooms, chequers_decorated_corner,
          grunt_decor_one_mirror
D:2:      wander_river, layout_loops_ring, minmay_pentomino_r4, uniq_terence
D:3:      layout_basic, bloody_trog, mainiacjoe_overflow_alcove_1, minmay_cupped

Skill      XL: |  1  2  3  4 |
---------------+-------------+-----
Fighting       | 3 |  3.2
Throwing       | |  2.0
Dodging        | |  3.9
Unarmed Combat | |  3.9

Action                     |  1- 3 |  4- 6 || total
---------------------------+-------+-------++-------
  Melee: Unarmed           |    44 |    29 ||    73
         Constrict         |    15 |    10 ||    25
         Tentacles         |    14 |     6 ||    20
         Punch             |       |     1 ||     1
   Stab: Sleeping          |     4 |     2 ||     6
 Armour: Skin              |     3 |       ||     3
  Dodge: Dodged            |    26 |     9 ||    35

Table legend: (Time is in decaauts)
 A = Elapsed time spent in this place.
 B = Non-inter-level travel time spent in this place.
 C = Inter-level travel time spent in this place.
 D = Time resting spent in this place.
 E = Time spent auto-exploring this place.
 F = Levels seen in this place.
 G = Mean time per level.
                   A        B        C        D        E       F      G
               +--------+--------+--------+--------+--------+-----+--------+
         Total |   1319 |   1273 |     46 |      0 |   1031 |   3 |  439.7 |
       Dungeon |   1319 |   1273 |     46 |      0 |   1031 |   3 |  439.7 |
               +--------+--------+--------+--------+--------+-----+--------+

Top non-repeatable levels by time:
     D:2: 571 daAuts
     D:1: 499 daAuts
     D:3: 248 daAuts
